 Dungeon Crawl Stone Soup version 0.18-a0-1797-gc18daef (webtiles) character file.

74 Zhenya25pyc the Skirmisher (level 4, -1/29 HPs)
             Began as a Gargoyle Fighter on Apr 22, 2016.
             Slain by Natasha (5 damage)
             ... on level 2 of the Dungeon.
             The game lasted 00:01:53 (1131 turns).

Zhenya25pyc the Skirmisher (Gargoyle Fighter)       Turns: 1131, Time: 00:01:55

Health: -1/29      AC: 13    Str: 21    XL:     4   Next: 28%
Magic:  4/4        EV:  5    Int:  8    God:
Gold:   120        SH:  9    Dex:  9    Spells: 0 memorised, 3 levels left

rFire  . . .     SeeInvis .     a - +0 flail
rCold  . . .     Gourm    .     k - +0 chain mail
rNeg   + . .     Faith    .     c - +0 shield
rPois  ∞         Spirit   .     (no helmet)
rElec  +         Dismiss  .     (no cloak)
rCorr  .         Reflect  .     (no gloves)
SustAt .         Harm     .     (no boots)
MR     .....                    (no amulet)
Stlth  ..........               (no ring)
                                (no ring)

@: slowed, very slow, not resistant to hostile enchantments, extremely
unstealthy
A: negative energy resistance 1, electricity resistance, unbreathing,
petrification resistance, rot immunity, AC +3
a: no special abilities


You were on level 2 of the Dungeon.
You were not hungry.

You visited 1 branch of the dungeon, and saw 2 of its levels.

You collected 120 gold pieces.

Inventory:

Hand Weapons
 a - a +0 flail (weapon)
Armour
 c - a +0 shield (worn)
 k - a +0 chain mail (worn)
Scrolls
 e - 4 scrolls of identify {unknown}
 g - a scroll of noise {unknown}
 i - a scroll of random uselessness {unknown}
Potions
 b - a potion of cancellation {unknown}
 d - a potion of might
 l - a potion of heal wounds {unknown}
 m - a potion of cure mutation {unknown}
Comestibles
 f - 2 bread rations
 h - 7 fruits
 j - a royal jelly


   Skills:
 + Level 4.0 Fighting
 * Level 3.3 Maces & Flails
 + Level 4.0 Armour
 - Level 3.2 Shields


You had 3 spell levels left.
You didn't know any spells.

Dungeon Overview and Level Annotations

Branches:
Dungeon (2/15)

Altars:

Annotations:
D:2 Natasha


Innate Abilities, Weirdness & Mutations

You are resistant to torment.
Your stone body is resilient (AC +3).
You are immune to poison.
You resist negative energy.
You are resistant to electric shocks.
You can survive without breathing.
You are immune to petrification.
You are immune to rotting.


Message History

You hit Natasha but do no damage.
Natasha is heavily wounded.
You block the shadow imp's attack. Natasha claws you but does no damage.
The shadow imp hits you but does no damage.
Natasha claws you but does no damage.
You hit Natasha but do no damage.
Natasha is heavily wounded.
The shadow imp hits you but does no damage.
Natasha casts a spell at you. The magic dart hits you!
The shadow imp hits you but does no damage.
Natasha claws you.
* * * LOW HITPOINT WARNING * * *
You barely miss Natasha.
Natasha is heavily wounded.
The shadow imp gestures at you. Pain shoots through your body!
* * * LOW HITPOINT WARNING * * *
Natasha claws you.
You die...

##.......##...##.........
##..........#............
##........###.##.........
##........##..###........
.......##..#.#####.......
.....#####...##.....###.
.............#.......#..
#.##.#..................
..##.####.......@h......
####.##...###....5......
........### #...........
........# #...........
........# #....>......
........# #...........
........# #......!....
........# #...........
........#


You could see Natasha and a shadow imp.

Vanquished Creatures
  Natasha (D:2)
  An adder (D:2)
  3 worms (D:2)
  A giant gecko (D:2)
  2 giant cockroaches (D:1)
  3 goblins
  2 hobgoblins (D:1)
  4 jackals (D:2)
  2 kobolds (D:1)
  A ball python (D:1)
  6 bats
  6 rats
32 creatures vanquished.

Notes
Turn   | Place    | Note
--------------------------------------------------------------
     0 | D:1      | Zhenya25pyc the Gargoyle Fighter began the quest for the Orb.
     0 | D:1      | Reached XP level 1. HP: 14/14 MP: 1/1
   173 | D:1      | Reached XP level 2. HP: 19/19 MP: 2/2
   630 | D:2      | Reached XP level 3. HP: 21/24 MP: 3/3
   753 | D:2      | Noticed Natasha
   767 | D:2      | Killed Natasha
   767 | D:2      | Reached XP level 4. HP: 13/29 MP: 4/4
  1117 | D:2      | Noticed Natasha
  1131 | D:2      | Slain by Natasha

Vault maps used:
D:1:      eino_arrival_cavern_a
D:2:      nemelex_xobeh_ov_fountains_minmay, uniq_natasha

Skill      XL: |  1  2  3  4 |
---------------+-------------+-----
Maces & Flails | 3 |  3.3
Fighting       | 4 |  4.0
Armour         | 4 |  4.0
Shields        | |  3.2

Action                   |  1- 3 |  4- 6 || total
-------------------------+-------+-------++-------
Melee: Flail             |   127 |    38 ||   165
  Eat: Chunk             |       |     1 ||     1
Armor: Scale mail        |    47 |       ||    47
       Chain mail        |    29 |    41 ||    70
Dodge: Dodged            |    43 |    14 ||    57
Block: Shield            |    66 |    26 ||    92
